 Dungeon Crawl Stone Soup version 0.22.0-5-gf09313c (webtiles) character file.

30666 Lew the Fighter (level 13, -1/111 HPs)
             Began as a Demonspawn Fighter on Aug 13, 2018.
             Slain by a manticore (20 damage)
             ... on level 15 of the Dungeon.
             The game lasted 01:02:52 (15676 turns).

Lew the Fighter (Demonspawn Fighter)               Turns: 15676, Time: 01:02:55

Health: -1/111     AC: 27    Str: 21    XL:     13   Next: 21%
Magic:  13/13      EV: 12    Int: 10    God:
Gold:   561        SH: 14    Dex: 20    Spells: 12/12 levels left

rFire    . . .     SeeInvis +   E - +7 war axe
rCold    + . .     Gourm    .   K - +3 buckler {AC+3}
rNeg     . . .     Faith    .   b - +5 ring mail of Virah {-Cast Str+3 Dex+4 SInv}
rPois    .         Spirit   .   n - +2 helmet
rElec    .         Reflect  +   o - +0 cloak
rCorr    .         Harm     .   H - +0 pair of gloves
MR       .....     NoCast   +   (boots unavailable)
Stlth    +.........             r - +4 amulet of reflection
HPRegen  0.28/turn              q - ring of protection from cold
MPRegen  0.13/turn              x - +4 ring of protection

@: barbed spikes, hasted, heavily drained, very quick
A: talons 3, icy blue scales 2, demonic guardian 2, foul stench 1, rot immunity
a: no special abilities


You were on level 15 of the Dungeon.
You were not hungry.

You visited 1 branch of the dungeon, and saw 15 of its levels.

You collected 920 gold pieces.
You spent 359 gold pieces at shops.

Inventory:

Hand Weapons
 a - a +0 war axe of venom
 A - the +3 flail of Qazlal's Hope {antimagic, rElec rN+ Int-4}
   (You bought it in a shop on level 7 of the Dungeon)

   It reduces the magical energy of the wielder, and disrupts the spells and
   magical abilities of those hit.
   Natural abilities and divine invocations are not affected.
   It affects your intelligence (-4).
   It insulates you from electricity.
   It protects you from negative energy.
 E - a +7 war axe (weapon)
Armour
 b - the +5 ring mail of Virah (worn) {-Cast Str+3 Dex+4 SInv}
   (You found it on level 6 of the Dungeon)

   It affects your strength (+3).
   It affects your dexterity (+4).
   It lets you see invisible.
   It prevents spellcasting.
 c - a +0 shield
 g - a +2 plate armour of cold resistance
 n - a +2 helmet (worn)
 o - a +0 cloak (worn)
 H - a +0 pair of gloves (worn)
 K - a +3 buckler of protection (worn)
Jewellery
 d - an uncursed amulet of harm
 e - an uncursed amulet of faith
 q - a ring of protection from cold (left hand)
 r - a +4 amulet of reflection (around neck)
 u - an uncursed amulet of the gourmand
 x - a +4 ring of protection (right hand)
 F - a +3 ring of evasion
Wands
 t - a wand of flame (27)
 B - a wand of polymorph (22)
 D - a wand of paralysis (54)
 I - a wand of enslavement (13)
 J - a wand of acid (4)
 M - a wand of clouds (5)
Scrolls
 i - 3 scrolls of remove curse
 l - 2 scrolls of fog
 m - 7 scrolls of amnesia
 y - 4 scrolls of torment
Potions
 h - 2 potions of brilliance
 j - 3 potions of curing
 p - 4 potions of flight
 s - 2 potions of mutation
 v - a potion of berserk rage
 z - 4 potions of lignification
 N - 3 potions of might
Comestibles
 f - 10 rations


   Skills:
 + Level 13.6(11.1) Fighting
 + Level 9.8(7.5) Axes
 + Level 9.8(7.5) Armour
 + Level 3.9(2.0) Dodging
 + Level 9.8(7.5) Shields


You had 12 spell levels left.
You didn't know any spells.
Your spell library contained the following spells:

 Spells                   Type           Power        Failure   Level  Hunger
 Lightning Bolt           Conj/Air       #.........   100%        5    ######.
 Confuse                  Hex            #.......     86%         3    ####...
 Summon Ice Beast         Ice/Summ       #.......     99%         4    #####..
 Regeneration             Chrm/Necr      #.........   86%         3    ####...
 Tukima's Dance           Hex            #.......     86%         3    ####...
 Stone Arrow              Conj/Erth      #.....       86%         3    ####...
 Shock                    Conj/Air       #...         50%         1    ##.....
 Swiftness                Chrm/Air       #.......     65%         2    ###....
 Spider Form              Tmut/Pois      #.........   86%         3    ####...
 Blade Hands              Tmut           #.........   100%        5    ######.
 Ice Form                 Ice/Tmut       #.......     99%         4    #####..
 Airstrike                Air            #.........   99%         4    #####..
 Passwall                 Tmut/Erth      #.......     65%         2    ###....
 Sticks to Snakes         Tmut           #.......     65%         2    ###....
 Call Canine Familiar     Summ           #.......     86%         3    ####...
 Ensorcelled Hibernation  Hex/Ice        #.....       65%         2    ###....
 Summon Butterflies       Summ           #.......     50%         1    ##.....
 Static Discharge         Conj/Air       #.......     86%         3    ####...
 Corona                   Hex            #......      50%         1    ##.....
 Lee's Rapid Deconstruct  Erth           #.........   100%        5    ######.
 Sandblast                Erth           #.....       50%         1    ##.....
 Petrify                  Tmut/Erth      #.......     99%         4    #####..
 Summon Hydra             Summ           #.........   100%        7    #######
 Shroud of Golubria       Chrm/Tloc      #.........   65%         2    ###....
 Beastly Appendage        Tmut           #.....       50%         1    ##.....
 Dazzling Spray           Conj/Hex       #.....       86%         3    ####...
 Infusion                 Chrm           #...         50%         1    ##.....
 Song of Slaying          Chrm           #.......     65%         2    ###....
 Spectral Weapon          Hex/Chrm       #.......     86%         3    ####...
 Summon Mana Viper        Hex/Summ       #.......     100%        5    ######.


Dungeon Overview and Level Annotations

Branches:
Dungeon (15/15)            Temple (0/1) D:7            Lair (0/6) D:9
    Orc (0/2) D:10         Vaults (0/5) D:14         Depths (0/5) D:15

Altars:
Ashenzari
Cheibriados
Dithmenos
Fedhas
Gozag
Nemelex Xobeh
Okawaru
Ru
Uskayaw
Vehumet
Xom
Zin
The Shining One

Shops:
D:4 (   D:7 !(!!   D:11 [   D:13 }

Annotations:
D:12 3 runed doors, Xahyzauwk's ghost, journeyman DEFE


Innate Abilities, Weirdness & Mutations

You have claws for feet.
You are mostly covered in icy blue scales. (AC +3)
A demonic guardian rushes to your aid.
You may emit foul miasma when damaged in melee.
You are immune to rotting.


Message History

The barbed spikes become lodged in your body.
You hit the skeletal warrior. Your kick misses the skeletal warrior.
The skeletal warrior is moderately damaged.
The skeletal warrior hits you with a mace of draining!!
* * * LOW HITPOINT WARNING * * *
You feel drained.
* * * LOW HITPOINT WARNING * * *
You block the skeletal warrior's attack.
The barbs in your skin will harm you if you move.
Continue?
Okay, then.
Okay, then.
Okay, then.
You feel yourself speed up.
The skeletal warrior hits you with a mace of draining.
* * * LOW HITPOINT WARNING * * *
You feel drained.
* * * LOW HITPOINT WARNING * * *
The skeletal warrior hits you but does no damage.
The manticore bites you!!
You die...

##.#### .... . ##..... ... . #
##.... ... .. .#. .....## .. .#
...# ......## .## #. .# ..#.
....<..# .##.#e###..# ....
.......###.##...z§..# ....
............#..#z######## ....
..(.(..÷.......H@........ ....
.......<.........(..#.### ..##
......#....##.###...#.## ##
.....##....##. #..(#.. .#.
#######....#######.#(#.# .#.. (
.......(......).(.#((. .##. #.
#####.........))..#.....##.##..
#.......######...#⌠..#.......#
..##....# #)..####.####..##


You could see 2 skeletal warriors, a manticore and a deep elf mage.

Vanquished Creatures
  An ettin (D:15)
  Josephine (D:15)
  A rakshasa (D:15)
  A hydra (D:11)
  3 centaur warriors
  An ice dragon (D:14)
  2 tengu warriors
  2 two-headed ogres (D:15)
  A deep elf knight (D:15)
  An unseen horror (D:12)
  A necromancer (D:14)
  An orc knight (D:15)
  2 ugly things (D:13)
  A cyclops (D:13)
  A manticore (D:12)
  3 slime creatures (D:12)
  2 centaur zombies (D:15)
  A gargoyle (D:12)
  Psyche (D:12)
  3 trolls
  A harpy skeleton (D:15)
  7 hippogriffs
  4 wraiths
  Sigmund (D:2)
  7 yaks
  A wyvern (D:13)
  A shadow (D:11)
  A basilisk (D:15)
  A hungry ghost (D:11)
  3 vampire mosquitoes
  Menkaure (D:6)
  A water moccasin (D:14)
  4 ice beasts
  3 eyes of draining
  6 orc warriors
  A phantom (D:5)
  A necrophage (D:7)
  A black bear (D:6)
  9 ogres
  5 centaurs
  A crocodile (D:12)
  5 big kobolds
  Blork the orc (D:6)
  7 bullfrogs
  A wyvern zombie (D:12)
  2 scorpions
  7 killer bees
  8 wights
  10 howler monkeys
  7 crimson imps
  A bullfrog zombie (D:12)
  3 hounds
  5 jellies
  Crazy Yiuf (D:2)
  7 orc priests
  4 bullfrog skeletons
  A centaur skeleton (D:5)
  8 worker ants
  8 orc wizards
  A killer bee zombie (D:5)
  3 hound skeletons
  A howler monkey zombie (D:11)
  3 worker ant zombies
  18 adders
  8 shadow imps
  An ooze (D:3)
  An adder zombie (D:8)
  4 adder skeletons
  3 worms
  2 dart slugs
  2 leopard geckos
  28 orcs
  4 giant cockroaches
  7 goblins
  6 hobgoblins
  20 jackals
  5 quokkas
  3 ball pythons
  7 bats
  8 frilled lizards
  31 kobolds
  2 quokka zombies
  14 rats
358 creatures vanquished.

Vanquished Creatures (collateral kills)
  2 centaur warriors
  2 two-headed ogres
  Urug (D:10)
  2 tengu warriors (D:13)
  A skeletal warrior (D:15)
  A deep troll (D:15)
  2 cyclopes
  A deep elf mage (D:14)
  A gargoyle (D:13)
  An efreet (D:15)
  A freezing wraith (D:14)
  2 hippogriffs
  A spriggan (D:9)
  The ghost of Goblin1989 the Covert, an amateur SpAs (D:5)
  2 wraiths
  4 yaks
  3 vampire mosquitoes (D:9)
  A hungry ghost (D:9)
  A water moccasin (D:6)
  An ice beast (D:6)
  An ogre (D:4)
  2 centaurs (D:14)
  A crocodile (D:15)
  2 scorpions
  2 killer bees (D:10)
  5 wights
  4 orc priests
  2 orc wizards
  A centaur skeleton (D:6)
  An adder (D:4)
  A shadow imp (D:9)
  9 orcs
  3 jackals
65 creatures vanquished.

Vanquished Creatures (others)
  9 centaurs
  An adder (D:9)
  A kobold (D:9)
11 creatures vanquished.

Grand Total: 434 creatures vanquished

Notes
Turn   | Place    | Note
-------+----------+-------------------------------------------
     0 | D:1      | Lew the Demonspawn Fighter began the quest for the Orb.
     0 | D:1      | Reached XP level 1. HP: 18/18 MP: 1/1
   101 | D:1      | Gained mutation: A weak demonic guardian rushes to your aid. [demonic ancestry]
   101 | D:1      | Reached XP level 2. HP: 21/24 MP: 2/2
   936 | D:1      | Reached XP level 3. HP: 29/29 MP: 3/3
  1124 | D:2      | Found a blossoming altar of Fedhas.
  1460 | D:2      | Noticed Sigmund
  1468 | D:2      | Killed Sigmund
  1468 | D:2      | Reached skill level 4 in Fighting
  1468 | D:2      | Gained mutation: You have sharp toenails. [demonic ancestry]
  1468 | D:2      | Reached XP level 4. HP: 29/38 MP: 4/4
  1468 | D:2      | Gained mutation: You are immune to rotting. [demonic ancestry]
  1468 | D:2      | Reached XP level 5. HP: 33/43 MP: 5/5
  1599 | D:2      | Found a runed door.
  1731 | D:2      | Noticed Crazy Yiuf
  1741 | D:2      | Killed Crazy Yiuf
  2162 | D:3      | Reached XP level 6. HP: 33/50 MP: 6/6
  2562 | D:3      | Reached skill level 5 in Fighting
  2928 | D:3      | Found a shattered altar of Ashenzari.
  2971 | D:3      | Found a sacrificial altar of Ru.
  3210 | D:4      | Found a snail-covered altar of Cheibriados.
  3293 | D:4      | Found Uvisyate's Weapon Shoppe.
  3331 | D:4      | Reached XP level 7. HP: 52/56 MP: 7/7
  3653 | D:4      | Reached skill level 6 in Fighting
  3748 | D:5      | Entered Level 5 of the Dungeon
  3786 | D:5      | Found a transporter.
  3815 | D:5      | Found a hide-covered altar of Uskayaw.
  3827 | D:5      | Found a transporter.
  3828 | D:5      | Noticed Goblin1989's ghost (amateur SpAs)
  4078 | D:5      | Got a fine robe
  4089 | D:5      | Identified the cursed +1 robe "Umeuf" {rN++ Slay+4} (You found it on level 5 of the Dungeon)
  4106 | D:5      | Found a sparkling altar of Nemelex Xobeh.
  4166 | D:5      | Gained mutation: A demonic guardian rushes to your aid. [demonic ancestry]
  4166 | D:5      | Reached XP level 8. HP: 65/65 MP: 8/8
  4377 | D:5      | Found a glowing golden altar of the Shining One.
  4616 | D:5      | Killed Goblin1989's ghost
  4616 | D:5      | Reached skill level 7 in Fighting
  4668 | D:6      | Reached skill level 5 in Armour
  4668 | D:6      | Reached skill level 5 in Shields
  4763 | D:6      | Reached skill level 5 in Axes
  4887 | D:6      | Gained mutation: You have razor-sharp toenails. [demonic ancestry]
  4887 | D:6      | Reached XP level 9. HP: 63/74 MP: 9/9
  5001 | D:6      | Noticed Blork the orc
  5023 | D:6      | Killed Blork the orc
  5023 | D:6      | Reached skill level 8 in Fighting
  5075 | D:6      | Noticed Menkaure
  5084 | D:6      | Killed Menkaure
  5126 | D:6      | Got a spiked ring mail
  5127 | D:6      | Identified the +5 ring mail of Virah {-Cast Str+3 Dex+4 SInv} (You found it on level 6 of the Dungeon)
  5433 | D:6      | Found a glowing silver altar of Zin.
  5852 | D:7      | Found a radiant altar of Vehumet.
  5949 | D:7      | Found Foshryzyx's Distillery.
  5956 | D:7      | Found Neehic's Distillery.
  5957 | D:7      | Found Nashren's Antique Weapon Shoppe.
  5958 | D:7      | Found Amoodol's Distillery.
  5972 | D:7      | Bought a steaming flail for 255 gold pieces
  5972 | D:7      | Identified the +3 flail of Qazlal's Hope {antimagic, rElec rN+ Int-4} (You bought it in a shop on level 7 of the Dungeon)
  5979 | D:7      | Bought a potion of mutation for 104 gold pieces
  6115 | D:7      | Found a staircase to the Ecumenical Temple.
  6723 | D:8      | Reached skill level 9 in Fighting
  6916 | D:8      | Found a shimmering altar of Xom.
  6972 | D:8      | Gained mutation: You may emit foul miasma when damaged in melee. [demonic ancestry]
  6972 | D:8      | Reached XP level 10. HP: 77/83 MP: 3/10
  7120 | D:8      | Noticed a two-headed ogre
  7126 | D:8      | Killed a two-headed ogre
  7760 | D:9      | Found a staircase to the Lair.
  7814 | D:9      | Found an opulent altar of Gozag.
  7835 | D:9      | Reached skill level 10 in Fighting
  8678 | D:10     | Entered Level 10 of the Dungeon
  8943 | D:10     | Noticed Urug
  9003 | D:10     | Killed Urug
  9345 | D:10     | Gained mutation: You are partially covered in icy blue scales. (AC +2) [demonic ancestry]
  9345 | D:10     | Reached XP level 11. HP: 84/92 MP: 11/11
  9348 | D:10     | Reached skill level 11 in Fighting
  9771 | D:10     | Found a shadowy altar of Dithmenos.
  9838 | D:10     | Found a staircase to the Orcish Mines.
 10057 | D:11     | Found Wutof's Antique Armour Boutique.
 10258 | D:11     | Noticed an eight-headed hydra
 10300 | D:11     | Killed a ten-headed hydra
 11297 | D:12     | Reached skill level 12 in Fighting
 11364 | D:12     | Noticed Psyche
 11371 | D:12     | Killed Psyche
 11702 | D:12     | Noticed an unseen horror
 11710 | D:12     | Killed an unseen horror
 11752 | D:12     | Found a runed gate.
 11752 | D:12     | Found a runed gate.
 11752 | D:12     | Found a runed gate.
 11752 | D:12     | Found an iron altar of Okawaru.
 11752 | D:12     | Noticed Xahyzauwk's ghost (journeyman DEFE)
 11752 | D:12     | Noticed a centaur warrior
 11752 | D:12     | Noticed a naga warrior
 11752 | D:12     | Noticed a tengu warrior
 11752 | D:12     | Noticed a naga warrior
 11752 | D:12     | Noticed a tengu warrior
 11752 | D:12     | Noticed a naga warrior
 12044 | D:13     | Noticed a centaur warrior
 12053 | D:13     | Killed a centaur warrior
 12060 | D:13     | Noticed a tengu warrior
 12075 | D:13     | Killed a tengu warrior
 12095 | D:13     | Noticed a tengu warrior
 12119 | D:13     | Killed a tengu warrior
 12174 | D:13     | Gained mutation: You have claws for feet. [demonic ancestry]
 12174 | D:13     | Reached XP level 12. HP: 89/103 MP: 12/12
 12418 | D:13     | Noticed a two-headed ogre
 12430 | D:13     | Killed a two-headed ogre
 13008 | D:13     | Found Issoev's Gadget Boutique.
 13135 | D:13     | Noticed a centaur warrior
 13142 | D:13     | Killed a centaur warrior
 13142 | D:13     | Reached skill level 13 in Fighting
 13646 | D:14     | Noticed a tengu warrior
 13648 | D:14     | Noticed a tengu warrior
 13675 | D:13     | Killed a tengu warrior
 13742 | D:14     | Killed a tengu warrior
 13742 | D:14     | Reached skill level 1 in Dodging
 13837 | D:14     | Noticed a centaur warrior
 13843 | D:14     | Noticed a centaur warrior
 13843 | D:14     | Killed a centaur warrior
 13852 | D:14     | Killed a centaur warrior
 14162 | D:14     | Noticed an ice dragon
 14175 | D:14     | Killed an ice dragon
 14347 | D:14     | Found a gate to the Vaults.
 14494 | D:15     | Entered Level 15 of the Dungeon
 14494 | D:15     | Noticed Josephine
 14584 | D:15     | Killed Josephine
 14875 | D:15     | Noticed a two-headed ogre
 14881 | D:15     | Killed a two-headed ogre
 14885 | D:15     | Gained mutation: You are mostly covered in icy blue scales. (AC +3) [demonic ancestry]
 14885 | D:15     | Reached XP level 13. HP: 71/111 MP: 13/13
 14886 | D:15     | Noticed an ettin
 15315 | D:15     | Killed an ettin
 15318 | D:15     | Found a staircase to the Depths.
 15676 | D:15     | Slain by a manticore

Skill      XL: |  1  2  3  4  5  6  7  8  9 10 11 12 |
---------------+-------------------------------------+-----
Axes           | 2 3 4 5 6 7 8 9 |  9.8
Shields        | 3 4 5 7 8 9 |  9.8
Armour         | 3 4 5 6 7 8 9 |  9.8
Fighting       | 4 5 6 7 9 10 12 13 | 13.6
Dodging        | 3 |  3.9

Action                   |  1- 3 |  4- 6 |  7- 9 | 10-12 | 13-15 || total
-------------------------+-------+-------+-------+-------+-------++-------
Melee: War axe           |   125 |    99 |   240 |   481 |    52 ||   997
       Kick              |       |    33 |   111 |   242 |    27 ||   413
       Flail             |       |       |    95 |    91 |       ||   186
Evoke: Wand              |       |       |       |     4 |     5 ||     9
  Use: Scroll            |       |     7 |    11 |    17 |     8 ||    43
       Potion            |       |     4 |     1 |    15 |     5 ||    25
 Stab: Distracted        |       |       |     2 |     6 |     2 ||    10
       Paralysed         |       |       |       |     6 |       ||     6
       Sleeping          |       |       |       |     1 |       ||     1
  Eat: Chunk             |     2 |     1 |     4 |     4 |       ||    11
       Ration            |       |     2 |     2 |     9 |       ||    13
Armor: Scale mail        |    61 |       |    80 |       |       ||   141
       Plate armour      |       |    65 |    74 |       |       ||   139
       Ring mail         |       |       |    42 |   342 |     6 ||   390
Dodge: Dodged            |    51 |     8 |    73 |   206 |     8 ||   346
Block: Shield            |    64 |    54 |   263 |   575 |    25 ||   981
       Reflection        |       |       |    15 |    54 |     3 ||    72
       Buckler           |       |       |       |       |    14 ||    14
